Map: Eternal Empire LE

Players

PiLiPiLi

  • Race: Protoss Protoss
  • League: Grandmaster
  • Spawn Location: 1:00

Astrea - Winner!

  • Race: Protoss Protoss
  • League: Master
  • Spawn Location: 7:00

Event: DreamHack SC2 Masters 2020 Fall

VOD

Have the link to the VOD?

Description

Time

  • Played on: Sept. 5, 2020, 5:30 p.m.
  • Length: 9:28

All games in this series

Show
View Real Time Build Order
Export as new Build Order

PiLiPiLi Protoss 

Build Orders:  

Get SALT Encoding   

  12  0:00  Probe  
  13  0:12  Probe  
  14  0:17  Pylon  
  14  0:25  Probe (Chrono Boost)  
  15  0:37  Gateway, Probe (Chrono Boost)  
  16  0:45  Probe (Chrono Boost)  
  16  0:47  Assimilator  
  17  0:52  Probe  
  17  0:55  Assimilator  
  19  1:04  Probe (Chrono Boost)  
  19  1:08  Gateway  
  19  1:16  Probe (Chrono Boost)  
  20  1:23  Probe (Chrono Boost)  
  20  1:25  Cybernetics Core  
  21  1:30  Probe  
  22  1:35  Pylon  
  22  1:42  Probe  
  23  1:57  Probe  
  24  2:01  Warp Gate (Chrono Boost)  
  24  2:04  Adept x2  
  24  2:08  Pylon  
  28  2:09  Probe  
  29  2:33  Adept  
  29  2:34  Adept  
  32  2:45  Nexus  
  32  2:53  Shield Battery  
  32  2:55  Probe  
  33  3:07  Probe  
  33  3:08  Sentry x2  
  38  3:19  Probe  
  38  3:30  Twilight Council  
  38  3:31  Probe  
  38  3:32  Pylon  
  39  3:50  Shield Battery, Probe  
  39  3:51  Stalker  
  39  3:52  Stalker  
  44  4:00  Probe  
  45  4:11  Probe  
  45  4:12  Probe  
  45  4:15  Adept x2  
  49  4:21  Blink (Chrono Boost)  
  49  4:23  Probe  
  50  4:24  Probe  
  51  4:35  Probe  
  51  4:37  Robotics Facility  
  52  4:39  Probe  
  53  4:47  Probe  
  53  4:48  Sentry  
  53  4:50  Pylon  
  53  4:51  Sentry  
  59  4:54  Probe  
  59  4:55  Assimilator  
  59  4:59  Probe  
  60  5:03  Gateway  
  60  5:13  Probe  
  60  5:14  Probe  
  62  5:16  Stalker x2  
  64  5:25  Shield Battery, Probe  
  57  5:31  Probe  
  48  5:44  Probe  
  48  5:45  Observer (Chrono Boost)  
  48  5:46  Probe  
  48  5:48  Assimilator  
  51  5:54  Gateway  
  51  5:55  Gateway  
  51  5:56  Probe  
  52  5:59  Immortal (Chrono Boost)  
  55  6:10  Probe (Chrono Boost)  
  52  6:13  Probe (Chrono Boost)  
  52  6:22  Probe (Chrono Boost)  
  54  6:26  Stalker x2  
  54  6:27  Probe (Chrono Boost)  
  54  6:28  Probe (Chrono Boost)  
  59  6:35  Probe  
  59  6:36  Probe  
  62  6:49  Warp Prism (Chrono Boost)  
  62  6:50  Dark Shrine  
  65  6:55  Observer  
  65  6:57  Gateway  
  63  7:02  Stalker x2  
  63  7:03  Stalker  
  63  7:04  Pylon  
  69  7:14  Pylon  
  69  7:28  Stalker  
  69  7:29  Stalker x3  
  74  7:52  Pylon  
  74  7:53  Pylon  
  74  7:55  Stalker x5  
  84  8:03  Stalker  
  79  8:20  Dark Templar x3  
  79  8:26  Stalker  
  84  8:37  Stalker x2  
  84  8:40  Probe x2  
  65  8:56  Stalker x3  
Show
View Real Time Build Order
Export as new Build Order

Astrea Protoss - Winner!

Build Orders:  

Get SALT Encoding   

  12  0:00  Probe  
  13  0:12  Probe  
  14  0:17  Pylon  
  14  0:24  Probe (Chrono Boost)  
  15  0:36  Probe (Chrono Boost)  
  15  0:37  Gateway  
  16  0:44  Probe (Chrono Boost)  
  16  0:46  Assimilator  
  17  0:51  Probe  
  17  0:54  Assimilator  
  18  1:03  Probe (Chrono Boost)  
  19  1:07  Gateway  
  19  1:13  Probe (Chrono Boost)  
  19  1:18  Probe (Chrono Boost)  
  20  1:24  Cybernetics Core  
  21  1:29  Probe  
  22  1:34  Pylon  
  22  1:41  Probe  
  23  1:53  Probe  
  24  1:57  Warp Gate (Chrono Boost)  
  24  2:00  Adept x2  
  28  2:07  Pylon  
  28  2:09  Probe  
  29  2:20  Shield Battery  
  29  2:32  Sentry x2  
  33  2:38  Probe  
  34  2:46  Nexus  
  34  2:53  Pylon  
  34  2:58  Sentry x2  
  38  3:00  Probe  
  39  3:15  Probe  
  38  3:21  Shield Battery  
  38  3:27  Probe  
  38  3:29  Stargate  
  39  3:39  Probe  
  40  3:41  Adept x2  
  40  3:44  Pylon  
  44  3:51  Probe  
  45  3:58  Probe  
  46  4:02  Shield Battery  
  46  4:03  Probe  
  46  4:05  Adept  
  47  4:10  Probe  
  47  4:16  Oracle (Chrono Boost)  
  49  4:17  Probe (Chrono Boost)  
  49  4:22  Probe (Chrono Boost)  
  55  4:32  Probe x2 (Chrono Boost)  
  55  4:37  Probe (Chrono Boost)  
  55  4:38  Pylon  
  55  4:39  Probe  
  57  4:46  Oracle  
  57  4:49  Adept, Probe  
  57  4:50  Adept  
  57  4:51  Probe  
  66  4:57  Pylon  
  66  5:01  Probe  
  66  5:04  Probe  
  66  5:06  Shield Battery  
  68  5:13  Probe  
  67  5:16  Probe  
  63  5:25  Probe (Chrono Boost)  
  63  5:28  Probe (Chrono Boost)  
  59  5:37  Probe (Chrono Boost)  
  59  5:40  Probe (Chrono Boost)  
  61  5:44  Twilight Council, Probe (Chrono Boost)  
  61  5:45  Probe (Chrono Boost)  
  61  5:46  Robotics Facility  
  63  5:51  Probe  
  63  5:53  Assimilator  
  63  5:54  Assimilator, Probe  
  65  6:03  Probe  
  66  6:06  Probe  
  67  6:15  Probe  
  68  6:18  Probe  
  68  6:19  Forge, Blink (Chrono Boost)  
  68  6:23  Gateway  
  68  6:25  Forge  
  69  6:27  Stalker x2  
  73  6:37  Observer (Chrono Boost)  
  73  6:49  Pylon  
  73  6:50  Gateway  
  73  6:51  Protoss Ground Weapons Level 1  
  73  6:52  Immortal  
  73  6:54  Stalker x2  
  81  7:02  Nexus  
  81  7:05  Probe x2  
  83  7:08  Shield Battery  
  83  7:17  Probe  
  84  7:24  Probe  
  84  7:26  Stalker  
  84  7:27  Stalker x2  
  91  7:30  Pylon  
  91  7:31  Pylon  
  89  7:45  Immortal (Chrono Boost)  
  89  7:49  Probe  
  89  7:50  Stalker x2, Probe  
  99  7:53  Sentry  
  99  7:55  Observer, Pylon  
  101  8:03  Probe  
  100  8:07  Observer  
  100  8:15  Stalker x3  
  100  8:17  Stalker  
  108  8:24  Immortal (Chrono Boost)  
  110  8:38  Photon Cannon  
  110  8:39  Stalker  
  110  8:40  Stalker x2  
  110  8:41  Stalker  
  108  9:03  Stalker x3  
  108  9:04  Stalker  
  108  9:07  Pylon  

Tags
 
Add a new tag
Caveats
  • Supply blocks, unpowered buildings, or Contaminate may cause inaccurate times.
  • Supply counts are checked every 10 seconds.